 Dungeon Crawl Stone Soup version 0.31-a0-263-ge8cad7f256 (webtiles) character file.

Game seed: 9849228295625851819

133 NinjaNoafa the Covered (level 5, -1/40 HPs)
             Began as a Gnoll Wanderer on July 13, 2023.
             Was a Follower of Okawaru.
             Slain by an orc
             ... wielding a +0 club
              (4 damage)
             ... on level 2 of the Dungeon.
             The game lasted 00:04:55 (1675 turns).

NinjaNoafa the Covered (Gnoll Wanderer)             Turns: 1675, Time: 00:04:56

Health: -1/40      AC:  0    Str: 12    XL:     5   Next: 16%
Magic:  7/7        EV: 13    Int:  8    God:    Okawaru [*.....]
Gold:   95         SH:  0    Dex: 16    Spells: 6/6 levels left

rFire   . . .        a - +2 sling
rCold   . . .        (no shield)
rNeg    . . .        (no body armour)
rPois   .            (no helmet)
rElec   .            (no cloak)
rCorr   .            (no gloves)
SInv    .            (no boots)
Will    .....        (no amulet)
Stlth   ++           (no ring)
HPRegen 0.26/turn    (no ring)
MPRegen 0.10/turn

%: no passive effects
@: mighty, about to teleport
A: fangs 1, strong nose, distributed training
a: Renounce Religion, Heroism


You were on level 2 of the Dungeon.
You worshipped Okawaru.
Okawaru was aware of your devotion.
You visited 1 branch of the dungeon, and saw 3 of its levels.

You collected 95 gold pieces.

Inventory:

Hand Weapons
 a - a +2 sling (weapon)
 b - a +0 spear
Missiles
 k - 4 javelins
Armour
 c - a +0 scale mail
Jewellery
 i - a ring of fire
Scrolls
 d - 2 scrolls of fog
 e - a scroll of teleportation
 f - a scroll of blinking {unknown}
 h - a scroll of immolation {unknown}
 j - a scroll of vulnerability {unknown}
 l - 2 scrolls of identify {unknown}
 m - a scroll of fear {unknown}
Potions
 n - a potion of experience {unknown}


   Skills:
 + Level 2.9 Fighting
 + Level 1.4 Short Blades
 + Level 1.4 Long Blades
 + Level 1.4 Axes
 + Level 1.4 Maces & Flails
 + Level 2.9 Polearms
 + Level 1.4 Staves
 + Level 4.7 Ranged Weapons
 + Level 1.4 Throwing
 + Level 6.7 Armour
 + Level 2.9 Dodging
 + Level 2.7 Stealth
 + Level 1.4 Shields
 + Level 1.4 Unarmed Combat
 + Level 1.4 Spellcasting
 + Level 1.1 Conjurations
 + Level 1.1 Hexes
 + Level 1.1 Summonings
 + Level 1.1 Necromancy
 + Level 1.1 Translocations
 + Level 1.1 Transmutations
 + Level 1.1 Fire Magic
 + Level 1.1 Ice Magic
 + Level 1.1 Air Magic
 + Level 1.1 Earth Magic
 + Level 1.1 Poison Magic
 + Level 3.0 Invocations
 + Level 1.4 Evocations
 + Level 1.1 Shapeshifting


You had 6 spell levels left.
You didn't know any spells.
Your spell library contained the following spells:

 Spells                   Type           Power      Damage    Failure   Level
 Magic Dart               Conj           8%         1d3       24%         1
 Scorch                   Fire           4%         2d5       34%         2
 Searing Ray              Conj           4%         2d4       34%         2
 Mephitic Cloud           Conj/Pois/Air  2%         N/A       56%         3
 Fulminant Prism          Conj/Hex       1%         3d5       93%         4
 Sticky Flame             Conj/Fire      2%         2d3       93%         4
 Silence                  Hex/Air        1%         N/A       100%        5


Dungeon Overview and Level Annotations

Branches:
Dungeon (3/15) Zot: 16291

Altars:
Okawaru


Innate Abilities, Weirdness & Mutations

You have very sharp teeth.
Your uncanny sense of smell can sniff out nearby items.
Your experience applies equally to all skills.


Message History

The ball python constricts you.
* * * LOW HITPOINT WARNING * * *
The orc barely misses you. x2; The orc hits you with a +0 club.
* * * LOW HITPOINT WARNING * * *
The orc wizard closely misses you.
You take 4 damage, and have 1/40 hp.
Unknown command.
Unknown command.
Unknown command.
Unknown command.
It was a potion of heal wounds.
You feel much better. The ball python closely misses you.
The ball python constricts you. The orc hits you with a +0 hand axe!
* * * LOW HITPOINT WARNING * * *
The orc closely misses you.
You regained 11 hp, and now have 12/40 hp.
You escape the ball python's grasp.
The ball python completely misses you. The ball python closely misses you.
The orc hits you with a +0 hand axe.
* * * LOW HITPOINT WARNING * * *
The orc wizard hits you with a +0 dagger.
* * * LOW HITPOINT WARNING * * *
The orc barely misses you.
You climb upwards.
There is a stone staircase leading down here.
You take 5 damage, and have 7/40 hp.
Unknown command.
Unknown command.
As you read the scroll labelled CUYDGH VEPRUCIJ, it crumbles to dust.
You feel strangely unstable.
It was a scroll of teleportation.
The orc hits you with a +0 war axe.
* * * LOW HITPOINT WARNING * * *
The orc closely misses you. x2
The orc wizard hits you with a +0 dagger.
* * * LOW HITPOINT WARNING * * *
You take 4 damage, and have 3/40 hp.
Unknown command.
It was a potion of might.
You feel very mighty all of a sudden. The orc hits you with a +0 club.
You die...

#.#.######
#........# ##
###.####.# .#
#....#.# .# #..#.#.#
.# #..#.#.# .#
#######..#.#.#
.####.....)..#.#o###
.'.............o@oS#
.####.######.#.#o###
.# #.# #.#.#.# ##
##.######.#.#.#
#...<.....#.#.#
#.........#.#.#
#.........#.#.#
#.....(..##.#.#
####........##.#.#


You could see an orc wizard, 3 orcs and a ball python.

Vanquished Creatures
  10 adders (D:2)
  6 ball pythons
  4 bats
  7 endoplasms
  2 hobgoblins (D:1)
  2 quokkas
  4 frilled lizards
  4 goblins
  6 kobolds
  2 rats (D:1)
47 creatures vanquished.

Notes
Turn   | Place    | Note
-------+----------+-------------------------------------------
     0 | D:1      | NinjaNoafa the Gnoll Wanderer began the quest for the Orb.
     0 | D:1      | NinjaNoafa set off with the following items: a +2 sling, a
                  | +0 spear, a +0 scale mail, a scroll of fog.
     0 | D:1      | Reached XP level 1. HP: 17/17 MP: 2/2
   123 | D:1      | Found a faded altar of an unknown god.
   133 | D:1      | Prayed at the altar of an unknown god.
   133 | D:1      | Became a worshipper of Warmaster Okawaru
   133 | D:1      | Reached * piety under Okawaru
   161 | D:1      | Reached XP level 2. HP: 23/23 MP: 3/3
   779 | D:2      | Reached XP level 3. HP: 28/28 MP: 4/4
   929 | D:2      | Got Sif Muna's Papyrus of Incendiary Gusts
  1002 | D:2      | Reached skill level 1 in Short Blades
  1002 | D:2      | Reached skill level 1 in Long Blades
  1002 | D:2      | Reached skill level 1 in Axes
  1002 | D:2      | Reached skill level 1 in Maces & Flails
  1002 | D:2      | Reached skill level 1 in Staves
  1002 | D:2      | Reached skill level 1 in Throwing
  1002 | D:2      | Reached skill level 1 in Shields
  1002 | D:2      | Reached skill level 1 in Unarmed Combat
  1002 | D:2      | Reached skill level 1 in Spellcasting
  1002 | D:2      | Reached skill level 1 in Evocations
  1096 | D:2      | Reached XP level 4. HP: 16/34 MP: 6/6
  1207 | D:2      | Reached skill level 1 in Conjurations
  1207 | D:2      | Reached skill level 1 in Hexes
  1207 | D:2      | Reached skill level 1 in Summonings
  1207 | D:2      | Reached skill level 1 in Necromancy
  1207 | D:2      | Reached skill level 1 in Translocations
  1207 | D:2      | Reached skill level 1 in Transmutations
  1207 | D:2      | Reached skill level 1 in Fire Magic
  1207 | D:2      | Reached skill level 1 in Ice Magic
  1207 | D:2      | Reached skill level 1 in Air Magic
  1207 | D:2      | Reached skill level 1 in Earth Magic
  1207 | D:2      | Reached skill level 1 in Poison Magic
  1207 | D:2      | Reached skill level 1 in Shapeshifting
  1356 | D:2      | Reached XP level 5. HP: 31/40 MP: 7/7
  1670 | D:3      | HP: 1/40 [orc/+0 club (4)]
  1675 | D:2      | Slain by an orc

Illustrated notes

Levels and vault maps discovered:
D:1:      noname_arrival_rooms_in_the_neighbourhood, layout_basic,
          hellmonk_ecumenical_altar_zigzags
D:2:      layout_basic, minmay_snake_closets
D:3:      layout_basic, makhleb_altar_promises_db

Skill      XL: |  1  2  3  4 |
---------------+-------------+-----
Short Blades   | 1 |  1.4
Long Blades    | 1 |  1.4
Axes           | 1 |  1.4
Maces & Flails | 1 |  1.4
Staves         | 1 |  1.4
Throwing       | 1 |  1.4
Shields        | 1 |  1.4
Unarmed Combat | 1 |  1.4
Spellcasting   | 1 |  1.4
Evocations     | 1 |  1.4
Conjurations   | 1 |  1.1
Hexes          | 1 |  1.1
Summonings     | 1 |  1.1
Necromancy     | 1 |  1.1
Translocations | 1 |  1.1
Transmutations | 1 |  1.1
Fire Magic     | 1 |  1.1
Ice Magic      | 1 |  1.1
Air Magic      | 1 |  1.1
Earth Magic    | 1 |  1.1
Poison Magic   | 1 |  1.1
Shapeshifting  | 1 |  1.1
Invocations    | 3 |  3.0
Fighting       | |  2.9
Polearms       | |  2.9
Ranged Weapons | |  4.7
Armour         | |  6.7
Dodging        | |  2.9
Stealth        | |  2.7

Action                     |  1- 3 |  4- 6 || total
---------------------------+-------+-------++-------
   Fire: Sling             |    85 |    47 ||   132
    Use: Potion            |       |     2 ||     2
         Scroll            |       |     1 ||     1
 Armour: Scale mail        |     2 |       ||     2
  Dodge: Dodged            |    18 |    31 ||    49

Table legend: (Time is in decaauts)
 A = Elapsed time spent in this place.
 B = Non-inter-level travel time spent in this place.
 C = Inter-level travel time spent in this place.
 D = Time resting spent in this place.
 E = Time spent auto-exploring this place.
 F = Levels seen in this place.
 G = Mean time per level.
                   A        B        C        D        E       F      G
               +--------+--------+--------+--------+--------+-----+--------+
         Total |   1707 |   1677 |     30 |    246 |   1158 |   3 |  569.0 |
       Dungeon |   1707 |   1677 |     30 |    246 |   1158 |   3 |  569.0 |
               +--------+--------+--------+--------+--------+-----+--------+

Top non-repeatable levels by time:
     D:2: 951 daAuts
     D:1: 750 daAuts
     D:3: 5 daAuts
